 Dungeon Crawl Stone Soup version 0.26-a0-958-gf3041fb45f (webtiles) character file.

Game seed: 2701293111995039457

172 mhtbhm the Twirler (level 5, -4/44 HPs)
             Began as a Minotaur Gladiator on Nov 30, 2020.
             Slain by Sigmund
             ... wielding a +1 scythe of venom
              (9 damage)
             ... on level 3 of the Dungeon.
             The game lasted 00:01:59 (1878 turns).

mhtbhm the Twirler (Minotaur Gladiator)             Turns: 1878, Time: 00:02:00

Health: -4/44      AC:  3    Str: 20    XL:     5   Next: 27%
Magic:  4/4        EV: 13    Int:  5    God:
Gold:   139        SH:  0    Dex: 11    Spells: 4/4 levels left

rFire    . . .     SeeInvis .   a - +0 quarterstaff
rCold    . . .     Faith    .   (shield currently unavailable)
rNeg     . . .     Spirit   .   b - +0 leather armour
rPois    .         Reflect  .   c - +0 hat
rElec    .         Harm     .   (no cloak)
rCorr    .         Rampage  .   (no gloves)
MR       .....                  (no boots)
Stlth    +.........             (no amulet)
HPRegen  0.14/turn              (no ring)
MPRegen  0.09/turn              (no ring)

@: brilliant, lethally poisoned (-4 -> -31), flying, invisible
A: retaliatory headbutt, horns 2
a: no special abilities


You were on level 3 of the Dungeon.
You visited 1 branch of the dungeon, and saw 3 of its levels.

You collected 139 gold pieces.

Inventory:

Hand Weapons
 a - a +0 quarterstaff (weapon)
Missiles
 d - 3 throwing nets (quivered)
 h - 7 datura-tipped darts
 p - 12 poisoned darts
Armour
 b - a +0 leather armour (worn)
 c - a +0 hat (worn)
Wands
 l - a wand of flame (24)
Scrolls
 e - 3 scrolls of identify {unknown}
 f - a scroll of remove curse {unknown}
 i - a scroll of fear {unknown}
 j - a scroll of teleportation {unknown}
 m - a scroll of immolation {unknown}
 o - a scroll of amnesia {unknown}
Potions
 q - a potion of lignification {unknown}


   Skills:
 + Level 2.8 Fighting
 + Level 5.8 Staves
 + Level 2.4 Throwing
 + Level 1.3 Armour
 + Level 4.2 Dodging
 + Level 0.5 Stealth


You had 4 spell levels left.
You didn't know any spells.
Your spell library was empty.

Dungeon Overview and Level Annotations

Branches:
Dungeon (3/15)

Altars:

Annotations:
D:3 Sigmund


Innate Abilities, Weirdness & Mutations

You reflexively headbutt those who attack you in melee.
You have a pair of horns on your head.


Message History

Sigmund flickers and vanishes!
Deactivating autopickup; reactivate with Ctrl-A.
The orc hits you with a +0 hand axe.
You feel sick.
It was a potion of flight.
You feel very buoyant.
You fly up into the air.
You feel sick. Something hits you.
* * * LOW HITPOINT WARNING * * *
You are more poisoned.
The orc priest begins to cast a cantrip, but forgets the words!
The orc closely misses you. x2; You furiously retaliate!
You headbutt the orc, but do no damage.
It was a potion of invisibility.
You fade into invisibility!
* * * LOW HITPOINT WARNING * * *
You feel very sick. The orc hits you with a +0 flail.
* * * LOW HITPOINT WARNING * * *
Something hits you!
You die...

..........)........#
#.......#.).<.!.....
..###.#....†...... .
#...###.....##
#..###...####
###.?#...#.#
#....[.....#
#...........
#..@.....<..#
#.oog......#
#.oS........#
#..o........##
:........#.##..
...........#.# .#
....##.###.#.# ..S?
.. .. ... ## ##.


You could see an orc priest, an adder, 3 orcs, a hobgoblin and a ball python
(wandering).

Vanquished Creatures
  Natasha (thrice) (D:2)
  2 adders
  3 gnolls (D:3)
  A worm (D:3)
  A dart slug (D:1)
  2 leopard geckos (D:2)
  2 orcs (D:3)
  3 giant cockroaches
  5 goblins (D:1)
  10 hobgoblins
  6 bats
  4 frilled lizards (D:1)
  3 kobolds (D:1)
  3 rats
48 creatures vanquished.

Notes
Turn   | Place    | Note
-------+----------+-------------------------------------------
     0 | D:1      | mhtbhm the Minotaur Gladiator began the quest for the Orb.
     0 | D:1      | Reached XP level 1. HP: 18/18 MP: 0/0
    59 | D:1      | Reached XP level 2. HP: 25/25 MP: 1/1
    72 | D:1      | Reached skill level 4 in Staves
   380 | D:1      | Reached XP level 3. HP: 30/30 MP: 2/2
   549 | D:2      | Noticed Natasha
   557 | D:2      | Killed Natasha
   571 | D:2      | Noticed Natasha
   580 | D:2      | Killed Natasha
   581 | D:2      | Reached XP level 4. HP: 27/37 MP: 3/3
   918 | D:2      | Noticed Natasha
   926 | D:2      | Killed Natasha
   927 | D:2      | Reached skill level 5 in Staves
  1439 | D:2      | Reached skill level 1 in Armour
  1439 | D:2      | Reached XP level 5. HP: 13/44 MP: 4/4
  1865 | D:3      | Noticed Sigmund
  1878 | D:3      | Slain by Sigmund

Illustrated notes

Levels and vault maps discovered:
D:1:      minmay_arrival_stone_box, layout_rooms
D:2:      layout_loops_ring, uniq_natasha
D:3:      layout_rooms, uniq_sigmund

Skill      XL: |  1  2  3  4 |
---------------+-------------+-----
Staves         | 4 5 |  5.8
Dodging        | 4 |  4.2
Armour         | 1 |  1.3
Fighting       | |  2.8
Throwing       | |  2.4
Stealth        | |  0.5

Action                   |  1- 3 |  4- 6 || total
-------------------------+-------+-------++-------
Melee: Quarterstaff      |    51 |    39 ||    90
       Headbutt          |    10 |     8 ||    18
Throw: Throwing net      |       |     1 ||     1
  Use: Potion            |     2 |     3 ||     5
 Stab: Held in net/web   |       |     1 ||     1
Armor: Leather armour    |    13 |     8 ||    21
Dodge: Dodged            |    43 |    34 ||    77

Table legend: (Time is in decaauts)
 A = Elapsed time spent in this place.
 B = Non-inter-level travel time spent in this place.
 C = Inter-level travel time spent in this place.
 D = Time resting spent in this place.
 E = Time spent auto-exploring this place.
 F = Levels seen in this place.
 G = Mean time per level.
                   A        B        C        D        E       F      G
               +--------+--------+--------+--------+--------+-----+--------+
         Total |   1911 |   1849 |     62 |    550 |    983 |   3 |  637.0 |
       Dungeon |   1911 |   1849 |     62 |    550 |    983 |   3 |  637.0 |
               +--------+--------+--------+--------+--------+-----+--------+

Top non-repeatable levels by time:
     D:2: 1268 daAuts
     D:1: 548 daAuts
     D:3: 95 daAuts
